 Dungeon Crawl Stone Soup version 0.23-a0-625-g1d2cd9b (webtiles) character file.

84 Leeroy the Slasher (level 4, -1/34 HPs)
             Began as a Barachi Skald on Dec 25, 2018.
             Was an Initiate of Okawaru.
             Slain by an orc priest
             ... wielding a +0 flail
              (6 damage)
             ... on level 3 of the Dungeon.
             The game lasted 00:05:26 (1801 turns).

Leeroy the Slasher (Barachi Skald)                  Turns: 1801, Time: 00:05:27

Health: -1/34      AC:  4    Str: 13    XL:     4   Next: 45%
Magic:  7/7        EV: 12    Int: 14    God:    Okawaru [......]
Gold:   106        SH:  0    Dex: 11    Spells: 1/7 levels left

rFire    . . .     SeeInvis .   a - +0 falchion
rCold    . . .     Gourm    .   (no shield)
rNeg     . . .     Faith    .   b - +1 leather armour
rPois    .         Spirit   .   (no helmet)
rElec    .         Reflect  .   (no cloak)
rCorr    .         Harm     .   (no gloves)
MR       .....                  (no boots)
Stlth    +.........             (no amulet)
HPRegen  0.11/turn              (no ring)
MPRegen  0.10/turn              (no ring)

@: can't hop, slow
A: +LOS, swims, slowness 1, strong legs 1
a: Hop, Renounce Religion


You were on level 3 of the Dungeon.
You worshipped Okawaru.
Okawaru was noncommittal.
You were not hungry.

You visited 1 branch of the dungeon, and saw 3 of its levels.

You collected 106 gold pieces.

Inventory:

Hand Weapons
 a - a +0 falchion (weapon)
 h - a +2 short sword of venom
 m - a +0 flail
 o - a +0 dagger
 r - a +0 hunting sling
 v - a +0 falchion
Missiles
 g - 92 stones (quivered)
 i - 9 sling bullets
Armour
 b - a +1 leather armour (worn)
 p - a +0 buckler
 s - a +0 ring mail
Scrolls
 n - a scroll of enchant armour
 u - a scroll of magic mapping {unknown}
Potions
 c - 2 potions of degeneration {unknown}
 e - a potion of curing
 f - 2 potions of haste {unknown}
 j - a potion of invisibility {unknown}
 k - a potion of flight {unknown}
 q - a potion of ambrosia {unknown}
Comestibles
 d - 4 rations
 w - 2 chunks of flesh


   Skills:
 - Level 2.4 Fighting
 * Level 4.6 Long Blades
 - Level 1.2 Armour
 - Level 2.3 Dodging
 * Level 0.4 Shields
 - Level 2.2 Spellcasting
 * Level 4.0 Charms


You had one spell level left.
You knew the following spells:

 Your Spells              Type           Power        Failure   Level  Hunger
a - Infusion              Chrm           ##..         5%          1    #......
b - Shroud of Golubria    Chrm/Tloc      #.........   19%         2    ###....
c - Spectral Weapon       Hex/Chrm       #.......     36%         3    ###....

Your spell library contained the following spells:

 Spells                   Type           Power        Failure   Level  Hunger
 Song of Slaying          Chrm           ##......     9%          2    ###....
 Regeneration             Chrm/Necr      #.........   36%         3    ###....


Dungeon Overview and Level Annotations

Branches:
Dungeon (3/15)

Altars:
Kikubaaqudgha
Okawaru

Annotations:
D:3 3 runed doors, Natasha; bli's ghost, amateur BaIE


Innate Abilities, Weirdness & Mutations

Shadows flee at your approach. (+LOS)
You can swim through water.
You cover ground slowly.
You can hop short distances.


Message History

The orc wizard miscasts a cantrip.
You feel better.
You feel yourself speed up.
The orc priest hits you with a +0 flail.
The orc priest calls down the wrath of Beogh upon you.
Pain shoots through your body!
* * * LOW HITPOINT WARNING * * *
Casting: Spectral Weapon (slightly dangerous; 36% risk of failure)
Confirm with . or Enter, or press ? or * to list all spells.
Okay, then.
Casting: Spectral Weapon (slightly dangerous; 36% risk of failure)
Confirm with . or Enter, or press ? or * to list all spells.
Okay, then.
As you read the scroll labeled UFAYHU UPLOST, it crumbles to dust.
It is a scroll of identify.
h - a +2 short sword of venom The orc barely misses you.
You riposte.
You barely miss the orc.
The orc is heavily wounded.
The orc priest hits you with a +0 flail.
You die...

#........ #... ####.......
#.<. #......... #... ..
#......8####### #h5.
....#.......#.....8# #.5.
......[.....#..##..# ##..
............#o.#8..#### #..
........###o#Wo##..#..## #..
......o.go.@#o#.o..#...###..
...[....##oo+.# .[#........
.g....o. #..+.#o #..).....
........ #..+ #oo. #.##.)...
.....o.. ...# o...#........
....o...###.# #..#.....##.
.....o.. #.# ..#.....##.
#.#. .#.....### #.#. #####.#


You could see 3 orc priests, an orc wizard, bli's ghost, 7 orcs and a hobgoblin.

Vanquished Creatures
  Natasha (D:3)
  2 adders
  A dart slug (D:3)
  3 ball pythons
  2 giant cockroaches
  4 goblins
  5 hobgoblins (D:1)
  3 kobolds (D:1)
  10 bats
  4 frilled lizards
  7 rats
42 creatures vanquished.

Notes
Turn   | Place    | Note
-------+----------+-------------------------------------------
     0 | D:1      | Leeroy the Barachi Skald began the quest for the Orb.
     0 | D:1      | Reached XP level 1. HP: 17/17 MP: 3/3
   276 | D:1      | Reached XP level 2. HP: 20/23 MP: 5/5
   282 | D:1      | Learned a level 2 spell: Shroud of Golubria
   666 | D:1      | Reached XP level 3. HP: 22/28 MP: 6/6
   671 | D:1      | Learned a level 3 spell: Spectral Weapon
  1149 | D:2      | Found an ancient bone altar of Kikubaaqudgha.
  1328 | D:2      | Found an iron altar of Okawaru.
  1339 | D:2      | Became a worshipper of Warmaster Okawaru
  1743 | D:3      | Reached XP level 4. HP: 17/34 MP: 3/7
  1764 | D:3      | Noticed Natasha
  1775 | D:3      | Killed Natasha
  1786 | D:3      | Noticed Natasha
  1796 | D:3      | Noticed bli's ghost (amateur BaIE)
  1797 | D:3      | Found a runed gate.
  1797 | D:3      | Found a runed gate.
  1797 | D:3      | Found a runed gate.
  1801 | D:3      | Slain by an orc priest

Vault maps used:
D:1:      erik_arrival_cave_to_civilisation, minmay_misc_feat_columns
D:2:      old_standard_altar, okawaru_trees_1
D:3:      biasface_ghost_orc_armoury, minmay_misc_feat_cross, uniq_natasha,
          uniq_grinder, uniq_jessica

Skill      XL: |  1  2  3  4 |
---------------+-------------+-----
Long Blades    | 3 4 |  4.6
Charms         | 4 |  4.0
Fighting       | |  2.4
Armour         | |  1.2
Dodging        | |  2.3
Shields        | |  0.4
Spellcasting   | |  2.2

Action                   |  1- 3 |  4- 6 || total
-------------------------+-------+-------++-------
Melee: Falchion          |   114 |    11 ||   125
 Cast: Spectral Weapon   |     1 |     1 ||     2
 Abil: Hop               |       |     1 ||     1
  Use: Scroll            |     2 |     2 ||     4
       Potion            |       |     3 ||     3
  Eat: Chunk             |     4 |       ||     4
Armor: Leather armour    |    59 |     5 ||    64
Dodge: Dodged            |   111 |    11 ||   122
       Rpst.: Falchion   |    36 |     5 ||    41

Table legend:
 A = Non-vault XP
 B = Vault XP
 C = Vault XP percentage of total XP
 D = Non-vault monster count
 E = Vault monster count
 F = Vault count percentage of total count
                 A         B        C        D         E       F
            +---------+---------+-------+---------+---------+-------
      Total |      82 |      38 |  31.7 |      39 |       3 |   7.1
            +---------+---------+-------+---------+---------+-------
        D:1 |      37 |       3 |   7.5 |      26 |       2 |   7.1
        D:2 |      24 |       0 |   0.0 |       9 |       0 |   0.0
        D:3 |      21 |      35 |  62.5 |       4 |       1 |  20.0
            +---------+---------+-------+---------+---------+-------
